 Dungeon Crawl Stone Soup version 0.28.0-47-ge53b351184 (webtiles) character file.

Game seed: 5609695851586064918

46 Pemander the Vexing (level 3, -2/14 HPs)
             Began as a Felid Enchanter on May 2, 2022.
             Slain by Natasha (8 damage)
             ... on level 2 of the Dungeon.
             The game lasted 00:02:19 (2156 turns).

Pemander the Vexing (Felid Enchanter)               Turns: 2156, Time: 00:02:21

Health: -2/14      AC:  1    Str:  6    XL:     3   Next: 46%
Magic:  7/7        EV: 17    Int: 16    God:
Gold:   24         SH:  0    Dex: 16    Spells: 6/6 levels left
                                        Lives:  0   Deaths: 0

rFire   . . .      SeeInvis +     - Unarmed
rCold   . . .      Faith    .   (shield unavailable)
rNeg    . . .      Spirit   .   (armour unavailable)
rPois   .          Reflect  .   (helmet unavailable)
rElec   .          Harm     .   (cloak unavailable)
rCorr   .          Rampage  .   (gloves unavailable)
Will    .....                   (boots unavailable)
Stlth   +++.......              (no amulet)
HPRegen 0.04/turn               (no ring)
MPRegen 0.10/turn               (no ring)

@: quick
A: very small, claws 1, fangs 3, see invisible, speed 1, shaggy fur 1, stealthy
paws, no weapons or thrown items, no armour, multi-lived
a: no special abilities


You were on level 2 of the Dungeon.
You visited 1 branch of the dungeon, and saw 2 of its levels.

You collected 24 gold pieces.

Inventory:

Scrolls
 b - a scroll of identify {unknown}
 c - a scroll of blinking {unknown}
 g - a scroll of brand weapon {unknown}
Potions
 a - a potion of invisibility
 d - a potion of might {unknown}
 e - a potion of mutation {unknown}
 f - 2 potions of curing {unknown}
 h - a potion of heal wounds {unknown}


   Skills:
 - Level 2.6 Dodging
 - Level 4.0 Stealth
 + Level 2.4 Unarmed Combat
 - Level 2.0 Spellcasting
 + Level 5.6 Hexes


You had 6 spell levels left.
You didn't know any spells.
Your spell library contained the following spells:

 Spells                   Type           Power      Damage    Failure   Level
 Confusing Touch          Hex            19%        N/A       6%          3
 Tukima's Dance           Hex            19%        N/A       6%          3
 Ensorcelled Hibernation  Hex/Ice        20%        N/A       10%         2
 Dazzling Flash           Conj/Hex       20%        N/A       21%         3


Dungeon Overview and Level Annotations

Branches:
Dungeon (2/15)

Altars:

Annotations:
D:2 Natasha


Innate Abilities, Weirdness & Mutations

You have sharp claws.
You have razor-sharp teeth.
You have supernaturally acute eyesight. (SInv)
You cover ground quickly. (Speed+)
You are covered in fur. (AC +1)
Your paws help you pounce on unaware monsters.
You are incapable of wielding weapons or throwing items.
You cannot wear armour.
You gain extra lives every three experience levels.


Message History

A goblin is nearby!
A sourceless malevolence fills the Dungeon... and a teleportation trap spontaneously manifests!
You are yanked towards some nearby monsters!
Your surroundings suddenly seem different.
Natasha and a frilled lizard come into view.
Found a scroll labelled UNEKEREIWU and a helmet.
Natasha hisses angrily.
Natasha mumbles some strange words.
Natasha's front paws start to glow.
Natasha mumbles some strange words.
The iron imp sputters.
There is a stone staircase leading up here.
You climb upwards.
There is a stone staircase leading down here.
There is a stone staircase leading down here.
You climb downwards.
Level annotation: Natasha
There is a stone staircase leading up here.
There is an open door here.
You open the door.
There is an open door here.
Natasha is nearby!
You scratch Natasha.
Natasha is lightly wounded.
Natasha completely misses you.
You scratch Natasha.
Natasha is heavily wounded.
Natasha claws you.
You closely miss Natasha.
Natasha is heavily wounded.
Natasha claws you.
You are too injured to fight recklessly!
You are too injured to fight recklessly!
You barely miss Natasha.
Natasha is heavily wounded.
Natasha wildly gestures.
Natasha's front paws start to glow.
Natasha claws you!
Ouch! That really hurt!
You die...

#.......... #............
#.......... #............ ...
#.......... #.........<†. ....
###.......... ###.#####'#.##
....##............ #.............
....##.##.....?.## #.........####
....##..........# #...........#
...............h#####....#...#.##
...........[....@...............>
###.5...........######.#.#.#.#.#.
..#.h..................#...#...#.
....##.##+###...........########.
..<#......# #....................
.###...######............########
†# ...# ##..............#
...##.................##.####
...# .......................#


You could see Natasha.

Vanquished Creatures
  An adder (D:2)
  3 ball pythons
  2 bats (D:1)
  5 endoplasms (D:1)
  2 giant cockroaches
  3 goblins (D:1)
  4 hobgoblins (D:1)
  4 jackals
  2 quokkas (D:1)
  A kobold (D:1)
  5 rats (D:1)
32 creatures vanquished.

Notes
Turn   | Place    | Note
-------+----------+-------------------------------------------
     0 | D:1      | Pemander the Felid Enchanter began the quest for the Orb.
     0 | D:1      | Reached XP level 1. HP: 7/7 MP: 4/4
   446 | D:1      | Reached XP level 2. HP: 11/11 MP: 6/6
   605 | D:1      | Reached skill level 5 in Hexes
  1556 | D:1      | Reached XP level 3. HP: 14/14 MP: 7/7
  2105 | D:2      | Noticed Natasha
  2156 | D:2      | Slain by Natasha

Illustrated notes

Levels and vault maps discovered:
D:1:      lightli_arrival_statue_moat, layout_loops_cross,
          hangedman_decor_points
D:2:      layout_basic, shapermc_ecumenical_altar_starsandcircs, kennysheep_nub,
          uniq_natasha, uniq_jessica, uniq_sigmund

Skill      XL: |  1  2 |
---------------+-------+-----
Hexes          | 5 |  5.6
Unarmed Combat | 2 |  2.4
Dodging        | |  2.6
Stealth        | |  4.0
Spellcasting   | |  2.0

Action                   || total
-------------------------++-------
Melee: Unarmed           ||   102
       Bite              ||     8
       Punch             ||     1
 Stab: Sleeping          ||    10
Armor: Skin              ||     7
Dodge: Dodged            ||    90
